 Dungeon Crawl Stone Soup version 0.18.1-8-gdd0e5ea (webtiles) character file.

606 hawthorn the Ducker (level 7, -1/59 HPs)
             Began as a Mottled Draconian Warper on June 5, 2016.
             Slain by a sky beast (6 damage)
             ... on level 5 of the Dungeon.
             The game lasted 00:14:15 (4429 turns).

hawthorn the Ducker (Mottled Draconian Warper)      Turns: 4429, Time: 00:14:16

Health: -1/59      AC:  9    Str: 15    XL:     7   Next: 19%
Magic:  10/10      EV: 13    Int: 14    God:
Gold:   246        SH:  0    Dex: 12    Spells: 4 memorised, 2 levels left

rFire  . . .     SeeInvis .     v - +0 trident
rCold  . . .     Gourm    .     (armour unavailable)
rNeg   . . .     Faith    .     (no shield)
rPois  .         Spirit   .     (helmet restricted)
rElec  .         Dismiss  .     (no cloak)
rCorr  .         Reflect  .     (no gloves)
SustAt .         Harm     .     (no boots)
MR     .....                    (no amulet)
Stlth  ++........               C - +2 ring of strength
                                o - +3 ring of protection

@: not resistant to hostile enchantments, unstealthy
A: breathe sticky flame splash, unfitting armour, cold-blooded, AC +6
a: Breathe Sticky Flame


You were on level 5 of the Dungeon.
You were hungry.

You visited 1 branch of the dungeon, and saw 5 of its levels.

You collected 246 gold pieces.

Inventory:

Hand Weapons
 a - a +0 spear
 p - a +0 hunting sling
 v - a +0 trident (weapon)
 B - the +7 hunting sling "Beastbane" {flame, rElec Str+5 Dex-4}
   (You found it on level 4 of the Dungeon)

   It causes projectiles fired from it to burn those they strike, causing extra
   injury to most foes and up to half again as much damage against particularly
   susceptible opponents.
   It affects your strength (+5).
   It affects your dexterity (-4).
   It insulates you from electricity.
Missiles
 d - 5 tomahawks of dispersal
 h - 127 stones (quivered)
 n - 22 poisoned needles
 y - 42 arrows
Jewellery
 o - a +3 ring of protection (left hand)
 C - a +2 ring of strength (right hand)
Wands
 E - a wand of flame (26/48)
Scrolls
 c - 2 scrolls of blinking
 e - 2 scrolls of enchant armour {unknown}
 j - a scroll of identify {unknown}
 k - a scroll of fog {unknown}
 l - 4 scrolls of fear {unknown}
 m - 2 scrolls of remove curse {unknown}
 q - a scroll of noise {unknown}
 s - 2 scrolls of enchant weapon {unknown}
 w - a scroll of amnesia {unknown}
 x - a scroll of random uselessness {unknown}
 z - a scroll of immolation {unknown}
Potions
 g - a potion of curing
 r - a potion of degeneration {unknown}
 t - a potion of flight {unknown}
 u - a potion of invisibility {unknown}
Books
 b - a book of Spatial Translocations

   Spells                             Type                      Level
   a - Apportation                    Translocation                1
   b - Blink                          Translocation                2
   c - Shroud of Golubria             Charms/Translocation         2
   d - Portal Projectile              Translocation                3
   e - Teleport Other                 Translocation                3
   f - Passage of Golubria            Translocation                4
 D - a book of Geomancy

   Spells                             Type                      Level
   a - Sandblast                      Earth                        1
   b - Passwall                       Transmutation/Earth          2
   c - Stone Arrow                    Conjuration/Earth            3
   d - Petrify                        Transmutation/Earth          4
   e - Lee's Rapid Deconstruction     Earth                        5
Comestibles
 f - 3 bread rations
 A - a meat ration


   Skills:
 + Level 4.2 Fighting
 + Level 3.9 Polearms
 + Level 2.4(2.5) Slings
 + Level 1.1(2.0) Throwing
 + Level 4.3 Dodging
 + Level 1.4 Stealth
 + Level 2.3 Spellcasting
 + Level 3.5 Translocations


You had 2 spell levels left.
You knew the following spells:

 Your Spells              Type           Power        Failure   Level  Hunger
a - Apportation           Tloc           ##........   6%          1    #......
b - Blink                 Tloc           N/A          10%         2    ###....
c - Shroud of Golubria    Chrm/Tloc      #.........   21%         2    ###....
d - Portal Projectile     Tloc           ##....       17%         3    ###....


Dungeon Overview and Level Annotations

Branches:
Dungeon (5/15)
 Temple: D:4-7

Altars:
Fedhas
Sif Muna
Trog

Shops:
D:5 :


Innate Abilities, Weirdness & Mutations

You can spit globs of burning liquid.
You can ignite nearby creatures when you spit burning liquid.
Your weird mottled scales are hard (AC +6).
Your body does not fit into most forms of armour.
You are cold-blooded and may be slowed by cold attacks.


Message History

Something barely misses you.
You miss something. Something hits you. Something shocks you.
You miss something. Something hits you. Something shocks you.
You hit something. You tail-slap something. Something hits you.
* * * LOW HITPOINT WARNING * * *
Something shocks you.
* * * LOW HITPOINT WARNING * * *
Something hits you but does no damage.
You barely miss something. Something hits you.
* * * LOW HITPOINT WARNING * * *
Something shocks you.
* * * LOW HITPOINT WARNING * * *
Drink which item? (? for menu, Esc to quit)
It was a potion of curing.
You feel better. Something hits you but does no damage.
You completely miss something. Something hits you but does no damage.
You miss something. Something hits you.
* * * LOW HITPOINT WARNING * * *
Something shocks you.
You die...

#.#######........
#.
#................
#.
#######<.........
#. ##......... #.
#......... #.
##.######## ##
#..# #. #..# ..
#@.# .#
......{.##
.....#..# ...!
...# ... #..## ..
#.. . ... #...


There were no monsters in sight!

Vanquished Creatures
  The ghost of Aquadorian the Cutter, an amateur MiFi (D:4)
  Blork the orc (D:5)
  A howler monkey (D:3)
  A centaur skeleton (D:4)
  A giant frog skeleton (D:4)
  An orc wizard (D:3)
  2 worker ants (D:4)
  4 adders
  A shadow imp (D:5)
  4 worms
  4 dart slugs
  12 orcs
  4 ball pythons
  3 giant cockroaches
  9 goblins
  8 hobgoblins
  2 jackals (D:4)
  2 quokkas
  10 bats
  A giant cockroach zombie (D:5)
  6 giant newts
  6 kobolds
  3 rats
87 creatures vanquished.

Notes
Turn   | Place    | Note
--------------------------------------------------------------
     0 | D:1      | hawthorn the Draconian Warper began the quest for the Orb.
     0 | D:1      | Reached XP level 1. HP: 17/17 MP: 3/3
   140 | D:1      | Reached XP level 2. HP: 11/24 MP: 5/5
   368 | D:1      | Learned a level 2 spell: Blink
   371 | D:1      | Learned a level 2 spell: Shroud of Golubria
  1141 | D:2      | Reached XP level 3. HP: 30/30 MP: 6/6
  1377 | D:2      | Found a bloodstained altar of Trog.
  2010 | D:3      | Reached XP level 4. HP: 23/37 MP: 7/7
  2364 | D:3      | Reached XP level 5. HP: 42/45 MP: 8/8
  2722 | D:3      | Found a deep blue altar of Sif Muna.
  2776 | D:3      | Found a blossoming altar of Fedhas.
  2868 | D:4      | Noticed Aquadorian's ghost (amateur MiFi)
  2892 | D:4      | HP: 1/46 [Aquadorian's ghost (6)]
  3190 | D:3      | Learned a level 3 spell: Portal Projectile
  3466 | D:4      | Reached XP level 6. HP: 35/52 MP: 9/9
  3477 | D:4      | Got a warped hunting sling
  3585 | D:4      | Identified the +7 hunting sling "Beastbane" {flame, rElec Str+5 Dex-4} (You found it on level 4 of the Dungeon)
  3730 | D:4      | Killed Aquadorian's ghost
  3730 | D:4      | Reached skill level 1 in Throwing
  3730 | D:4      | Reached skill level 1 in Stealth
  4080 | D:4      | Your scales start taking on a weird mottled colour.
  4080 | D:4      | Reached XP level 7. HP: 54/59 MP: 10/10
  4176 | D:5      | Entered Level 5 of the Dungeon
  4288 | D:5      | Noticed Blork the orc
  4331 | D:5      | Killed Blork the orc
  4385 | D:5      | Found Saphesuc's Book Emporium.
  4426 | D:5      | HP: 1/59 [something (6)]
  4429 | D:5      | Slain by a sky beast

Skill      XL: |  1  2  3  4  5  6 |
---------------+-------------------+-----
Fighting       | 3 4 |  4.2
Dodging        | 3 4 |  4.3
Polearms       | 3 |  3.9
Slings         | 2 |  2.4
Throwing       | 1 |  1.1
Stealth        | 1 |  1.4
Spellcasting   | |  2.3
Translocations | |  3.5

Action                   |  1- 3 |  4- 6 |  7- 9 || total
-------------------------+-------+-------+-------++-------
Melee: Spear             |   180 |     4 |       ||   184
       Tailslap          |    18 |    17 |     8 ||    43
       Trident           |       |   136 |    53 ||   189
 Fire: Hunting sling     |       |    35 |     7 ||    42
Throw: Stone             |     2 |     1 |     5 ||     8
       Tomahawk          |       |     3 |       ||     3
  Use: Potion            |       |     1 |     1 ||     2
 Stab: Sleeping          |       |     1 |       ||     1
  Eat: Chunk             |     3 |     7 |     1 ||    11
Armor: Skin              |    53 |    51 |    17 ||   121
Dodge: Dodged            |    98 |    90 |    26 ||   214
